 Dungeon Crawl Stone Soup version 0.31-a0-437-g7cee417757 (webtiles) character file.

Game seed: 8800057736047479553

1558 AdnanSaban the Cudgeller (level 8, -5/49 HPs)
             Began as a Gargoyle Fighter on Aug 2, 2023.
             Was a Follower of Okawaru.
             Slain by an ogre
             ... wielding a +0 giant club
              (11 damage)
             ... on level 6 of the Dungeon.
             The game lasted 00:05:25 (4779 turns).

AdnanSaban the Cudgeller (Gargoyle Fighter)         Turns: 4779, Time: 00:05:26

Health: -5/49      AC: 14    Str: 21    XL:     8   Next: 88%
Magic:  8/8        EV: 10    Int: 10    God:    Okawaru [*.....]
Gold:   369        SH:  5    Dex:  9    Spells: 7/7 levels left

rFire   . . .        a - +0 flail
rCold   . . .        c - +0 buckler
rNeg    + . .        b - +0 scale mail
rPois   ∞            (no helmet)
rElec   +            (no cloak)
rCorr   .            (no gloves)
SInv    +            n - +0 pair of boots
Will    +....        (no amulet) Stlth
                     m - ring of willpower
HPRegen 0.28/turn    h - ring of see invisible
MPRegen 0.11/turn

%: no passive effects
@: no status effects
A: sickness immunity, AC +5, negative energy resistance 1, electricity
resistance, torment resistance 1, petrification resistance
a: Renounce Religion, Heroism


You were on level 6 of the Dungeon.
You worshipped Okawaru.
Okawaru was aware of your devotion.
You visited 1 branch of the dungeon, and saw 6 of its levels.

You collected 369 gold pieces.

Inventory:

Hand Weapons
 a - a +0 flail (weapon)
Armour
 b - a +0 scale mail (worn)
 c - a +0 buckler (worn)
 n - a +0 pair of boots (worn)
Jewellery
 h - a ring of see invisible (right hand)
 j - a ring of fire
 m - a ring of willpower (left hand)
Wands
 w - a wand of paralysis (13)
Scrolls
 g - 4 scrolls of revelation {unknown}
 i - a scroll of blinking {unknown}
 k - 3 scrolls of identify {unknown}
 r - 2 scrolls of teleportation {unknown}
 v - a scroll of vulnerability {unknown}
Potions
 d - 2 potions of might
 e - a potion of berserk rage {unknown}
 f - 2 potions of resistance {unknown}
 l - a potion of enlightenment {unknown}
 o - a potion of brilliance {unknown}
 p - a potion of magic {unknown}
 q - a potion of curing {unknown}
 s - a potion of haste {unknown}
 t - a potion of invisibility {unknown}
 u - a potion of ambrosia {unknown}
 x - a potion of degeneration {unknown}


   Skills:
 + Level 5.3 Fighting
 + Level 6.9 Maces & Flails
 + Level 6.2 Armour
 + Level 3.1 Dodging
 + Level 1.1 Stealth
 + Level 5.4 Shields


You had 7 spell levels left.
You didn't know any spells.
Your spell library contained the following spells:

 Spells                   Type           Power      Damage    Failure   Level
 Sting                    Tmut/Pois      0%         1d3       75%         1
 Poisonous Vapours        Pois/Air       0%         N/A       86%         2
 Olgreb's Toxic Radiance  Pois           0%         N/A       100%        4


Dungeon Overview and Level Annotations

Branches:
Dungeon (6/15)             Temple (0/1) D:6

Altars:
Fedhas
Hepliaklqana
Makhleb
Okawaru
Xom
Yredelemnul
The Shining One

Shops:
D:6 *


Innate Abilities, Weirdness & Mutations

You are immune to sickness and miasma.
Your stone body is resilient. (AC +5)
You are immune to poison.
You resist negative energy. (rN+)
You are resistant to electric shocks. (rElec)
You are resistant to unholy torment.
You are immune to petrification.


Message History

You are too injured to fight recklessly!
You are too injured to fight recklessly!
You are too injured to fight recklessly!
You hit Maggie.
Maggie is almost dead.
Maggie casts a spell.
Maggie attempts to bespell you! You resist with some effort.
You sock Maggie!
You kill Maggie!
Okawaru is honoured by your kill. The ogre closely misses you.
Your Dodging skill increases to level 3!
You hit the ogre.
The ogre is lightly wounded.
The ogre misses you.
You hit the ogre but do no damage.
The ogre is lightly wounded.
The ogre hits you with a +0 giant club!
* * * LOW HITPOINT WARNING * * *
You closely miss the ogre.
The ogre is lightly wounded.
You hit the ogre.
The ogre is moderately wounded.
The ogre barely misses you.
You hit the ogre.
The ogre is heavily wounded.
The ogre hits you with a +0 giant club.
* * * LOW HITPOINT WARNING * * *
You hit the ogre.
The ogre is severely wounded.
The ogre barely misses you.
You hit the ogre.
The ogre is almost dead.
You barely miss the ogre.
The ogre is almost dead.
The ogre barely misses you.
You barely miss the ogre.
The ogre is almost dead.
The ogre hits you with a +0 giant club!
You die...

... ####
#.##.####..###... .
..............)## ..
##.#........###.##
...
......^###........ .>
....... #..##..##
##.#.###.#.#
#.#......).
.......O..#
#...##..##
#.....)@..# #.......#
##.#.####.##
##..#.##.##
##.###.#.##.#..#
#..#####............#
.........#.##.##.##.#
.#######.##.#.#.###.#
#.###......... #..
##.#####.# #..# ###
#.#


You could see an ogre.

Vanquished Creatures
  Maggie (D:6)
  Menkaure (D:4)
  A water moccasin (D:5)
  2 ogres (D:5)
  4 phantoms
  Blork the orc (D:4)
  A water moccasin zombie (D:4)
  A water moccasin skeleton (D:4)
  A centaur zombie (D:4)
  A hound (D:5)
  A bullfrog skeleton (D:4)
  A centaur skeleton (D:4)
  2 sleepcaps
  2 iguanas
  Terence (D:2)
  A hound zombie (D:4)
  A hound skeleton (D:4)
  6 adders
  A white imp (D:4)
  2 adder zombies (D:4)
  An adder skeleton (D:4)
  A worm (D:3)
  3 dart slugs (D:1)
  2 orcs (D:5)
  4 endoplasms
  3 giant cockroaches
  5 goblins
  6 hobgoblins
  4 jackals (D:3)
  3 quokkas
  5 ball pythons
  6 bats
  A jackal zombie (D:4)
  5 kobolds
  7 rats
88 creatures vanquished.

Notes
Turn   | Place    | Note
-------+----------+-------------------------------------------
     0 | D:1      | AdnanSaban the Gargoyle Fighter began the quest for the
                  | Orb.
     0 | D:1      | Reached XP level 1. HP: 14/14 MP: 1/1
    65 | D:1      | Reached XP level 2. HP: 19/19 MP: 2/2
   713 | D:1      | Reached XP level 3. HP: 18/24 MP: 3/3
   743 | D:1      | Found a faded altar of an unknown god.
  1308 | D:2      | Reached XP level 4. HP: 29/29 MP: 4/4
  1796 | D:2      | Noticed Terence
  1805 | D:2      | Killed Terence
  2468 | D:3      | Found a blossoming altar of Fedhas.
  2754 | D:4      | Reached XP level 5. HP: 33/33 MP: 5/5
  2788 | D:4      | Noticed a phantom
  2808 | D:4      | Killed a phantom
  2872 | D:4      | Reached XP level 6. HP: 29/38 MP: 6/6
  3025 | D:4      | Noticed Menkaure
  3035 | D:4      | HP: 1/38 [Menkaure (2)]
  3036 | D:4      | Killed Menkaure
  3037 | D:4      | Reached skill level 5 in Armour
  3037 | D:4      | Reached skill level 1 in Dodging
  3198 | D:4      | Found a glowing golden altar of the Shining One.
  3283 | D:4      | Reached XP level 7. HP: 37/43 MP: 7/7
  3575 | D:4      | Noticed Blork the orc
  3582 | D:4      | Killed Blork the orc
  3583 | D:4      | Reached skill level 5 in Maces & Flails
  3707 | D:5      | Entered Level 5 of the Dungeon
  3811 | D:5      | Found a hazy altar of Hepliaklqana.
  3811 | D:5      | Found a burning altar of Makhleb.
  3815 | D:5      | Found an iron altar of Okawaru.
  3815 | D:5      | Found a shimmering altar of Xom.
  3850 | D:5      | Became a worshipper of Warmaster Okawaru
  3923 | D:5      | Reached XP level 8. HP: 48/48 MP: 8/8
  4006 | D:5      | Reached skill level 5 in Shields
  4351 | D:5      | Reached * piety under Okawaru
  4352 | D:5      | Reached skill level 5 in Fighting
  4470 | D:5      | Found a basalt altar of Yredelemnul.
  4644 | D:6      | Found a staircase to the Ecumenical Temple.
  4663 | D:6      | Found Sax Tebb's Mail-Order Catalogue.
  4722 | D:6      | Reached skill level 1 in Stealth
  4757 | D:6      | Noticed Maggie
  4770 | D:6      | Killed Maggie
  4779 | D:6      | Slain by an ogre

Illustrated notes

Levels and vault maps discovered:
D:1:      tarquinn_simple_flora_water_b, layout_loops_ring,
          shapermc_ecumenical_altar_totnotflames
D:2:      layout_basic, uniq_terence
D:3:      layout_basic, old_standard_altar, grunt_ministairs_9, minmay_cut_off
D:4:      layout_basic, tso_oasis_becter, serial_undead, serial_undead_e,
          serial_undead_e, serial_undead_c, serial_undead_e, serial_undead_e,
          serial_undead_e, serial_undead_d, serial_undead_e, uniq_menkaure,
          uniq_blork_the_orc
D:5:      layout_basic, amcnicky_altar_gilded, grunt_temple_overflow_open,
          minmay_misc_feat_secret_circle
D:6:      wad_guarded_room, layout_loops_ring, mainiacjoe_overflow_24_doors,
          minmay_temple_entry_sparse_star, monkooky_shop_mail_order, uniq_maggie

Skill      XL: |  1  2  3  4  5  6  7  8 |
---------------+-------------------------+-----
Maces & Flails | 3 4 5 6 |  6.9
Shields        | 4 5 |  5.4
Armour         | 4 5 6 |  6.2
Fighting       | 4 5 |  5.3
Dodging        | 1 2 3 |  3.1
Stealth        | 1 |  1.1

Action                     |  1- 3 |  4- 6 |  7- 9 || total
---------------------------+-------+-------+-------++-------
  Melee: Flail             |   123 |   152 |   211 ||   486
 Armour: Scale mail        |    62 |   104 |    90 ||   256
  Dodge: Dodged            |    65 |    84 |    96 ||   245
  Block: Buckler           |    37 |    35 |    42 ||   114

Table legend: (Time is in decaauts)
 A = Elapsed time spent in this place.
 B = Non-inter-level travel time spent in this place.
 C = Inter-level travel time spent in this place.
 D = Time resting spent in this place.
 E = Time spent auto-exploring this place.
 F = Levels seen in this place.
 G = Mean time per level.
                   A        B        C        D        E       F      G
               +--------+--------+--------+--------+--------+-----+--------+
         Total |   4889 |   4754 |    135 |      0 |   3811 |   6 |  814.8 |
       Dungeon |   4889 |   4754 |    135 |      0 |   3811 |   6 |  814.8 |
               +--------+--------+--------+--------+--------+-----+--------+

Top non-repeatable levels by time:
     D:2: 1076 daAuts
     D:4: 1018 daAuts
     D:5: 947 daAuts
     D:1: 861 daAuts
     D:3: 838 daAuts
     D:6: 147 daAuts
